 Dungeon Crawl Stone Soup version 0.29-a0-553-g81b289dbe5 (webtiles) character file.

Game seed: 2033554317920075695

44 Heretekdanicus the Shield-Bearer (level 3, 0/29 HPs)
             Began as a Human Fighter on June 6, 2022.
             Slain by a gnoll
             ... wielding a +0 club
              (7 damage)
             ... on level 3 of the Dungeon.
             The game lasted 00:06:02 (1023 turns).

Heretekdanicus the Shield-Bearer (Human Fighter)    Turns: 1023, Time: 00:06:02

Health: 0/29       AC:  6    Str: 23 (24) XL:     3   Next: 85%
Magic:  3/3        EV:  9    Int: 14      God:
Gold:   78         SH:  4    Dex: 12      Spells: 2/2 levels left

rFire   . . .      SeeInvis .   l - +6 war axe of Qurhosia {venom, rN+ Will+}
rCold   + . .      Faith    .   c - +0 buckler
rNeg    + . .      Spirit   .   b - +0 scale mail
rPois   .          Reflect  .   (no helmet)
rElec   .          Harm     .   (no cloak)
rCorr   .          Rampage  .   (no gloves)
Will    +....                   (no boots)
Stlth   ..........              (no amulet)
HPRegen 0.09/turn               g - +6 ring of strength
MPRegen 0.08/turn               j - +6 ring of intelligence

@: no status effects
A: cold resistance 1, deterioration 1
a: no special abilities


You were on level 3 of the Dungeon.
You visited 1 branch of the dungeon, and saw 3 of its levels.

You collected 78 gold pieces.

Inventory:

Hand Weapons
 a - a +0 long sword
 h - a +0 short sword
 l - the +6 war axe of Qurhosia (weapon) {venom, rN+ Will+}
   (You acquired it on level 2 of the Dungeon)

   It poisons the flesh of those it strikes.
   rN:        It protects you from negative energy.
   Will:      It increases your willpower.
Missiles
 e - 5 poisoned darts
 f - 34 stones (quivered)
Armour
 b - a +0 scale mail (worn)
 c - a +0 buckler (worn)
Magical Staves
 i - a staff of fire
 k - a staff of fire
Jewellery
 g - a +6 ring of strength (left hand)
 j - a +6 ring of intelligence (right hand)
Scrolls
 m - a scroll of amnesia {unknown}


   Skills:
 + Level 3.2 Fighting
 + Level 2.2 Long Blades
 + Level 0.2 Axes
 + Level 3.5 Armour
 + Level 3.6 Shields


You had 2 spell levels left.
You didn't know any spells.
Your spell library contained the following spells:

 Spells                   Type           Power      Damage    Failure   Level
 Dazzling Flash           Conj/Hex       0%         N/A       95%         3
 Iskenderun's Mystic Bla  Conj/Tloc      0%         2d3       100%        4
 Starburst                Conj/Fire      0%         6d3       100%        6


Dungeon Overview and Level Annotations

Branches:
Dungeon (3/15)

Altars:
Sif Muna


Innate Abilities, Weirdness & Mutations

Your flesh is cold resistant. (rC+)
Your body sometimes deteriorates upon taking damage.


Message History

Things that are here:
a +0 trident; an orc corpse You pick up a book of Spectacle and begin reading...
You add the spells Dazzling Flash, Iskenderun's Mystic Blast and Starburst to your library.
Found an escape hatch in the ceiling.
Found 8 gold pieces.
There is an escape hatch in the ceiling here.
A bat comes into view. x2
Found a stone staircase leading down.
The bat hits you.
You barely miss the bat. x2; You block the bat's attack.
The bat hits you. The bat closely misses you.
The bat hits you but does no damage. The bat hits you but does no damage.
You block the bat's attack. The bat hits you but does no damage.
You miss the bat. The bat barely misses you.
The bat hits you but does no damage.
You slice the bat!!
You kill the bat!
The bat barely misses you. The bat closely misses you.
You barely miss the bat. The bat hits you but does no damage.
You slash the bat!
You kill the bat!
You see here a bat corpse.
A worm comes into view.
A worm and 3 gnolls come into view.
The gnoll shouts! x2
The worm bites you.
You slash the worm!
The worm is poisoned.
The worm is heavily wounded.
The gnoll hits you but does no damage. The worm bites you.
* * * LOW HITPOINT WARNING * * *
You slice the worm!!
You kill the worm!
You barely miss the gnoll.
You feel a little less mighty now. The gnoll barely misses you.
The gnoll attacks as you move away! The gnoll hits you with a +0 club.
* * * LOW HITPOINT WARNING * * *
The gnoll attacks as you move away! The gnoll hits you but does no damage.
The gnoll attacks as you move away! The gnoll hits you with a +0 club!
You die...

#.#######..##
######..#
........#
######..#
######..######
#.......g....#
#.####w.#...g..
#.g#.##.#. #.@#
# # #....#
##...# #...#
#...# .....
##...# #..#


You could see a worm and 2 gnolls.

Vanquished Creatures
  An adder (D:2)
  A worm (D:3)
  6 orcs (D:3)
  5 bats
  A giant cockroach (D:1)
  3 hobgoblins
  A kobold (D:1)
  2 quokkas (D:1)
  4 rats
24 creatures vanquished.

Notes
Turn   | Place    | Note
-------+----------+-------------------------------------------
     0 | D:1      | Heretekdanicus the Human Fighter began the quest for the
                  | Orb.
     0 | D:1      | Reached XP level 1. HP: 18/18 MP: 1/1
   483 | D:1      | Gained mutation: Your body sometimes deteriorates upon
                  | taking damage. [potion of mutation]
   483 | D:1      | Gained mutation: Your flesh is cold resistant. (rC+)
                  | [potion of mutation]
   509 | D:1      | Reached XP level 2. HP: 24/24 MP: 2/2
   693 | D:2      | Found a shimmering blue altar of Sif Muna.
   729 | D:2      | Reached XP level 3. HP: 29/29 MP: 3/3
   796 | D:2      | Identified a scroll of acquirement
   796 | D:2      | Acquired the +6 war axe of Qurhosia {venom, rN+ Will+}
  1023 | D:3      | Slain by a gnoll

Illustrated notes

Levels and vault maps discovered:
D:1:      dpeg_arrival_circle_labyrinth_a, layout_basic
D:2:      layout_rooms, chequers_ecumenical_altar_simple_redux, basic_altar,
          hangedman_decor_peaks_small
D:3:      layout_loops_ring, kennysheep_generic_room_10

Action                   || total
-------------------------++-------
Melee: Long sword        ||    32
       War axe           ||    27
Throw: Stone             ||     3
  Use: Potion            ||     5
       Scroll            ||     3
Armor: Scale mail        ||    32
Dodge: Dodged            ||    31
Block: Buckler           ||    20

Table legend: (Time is in decaauts)
 A = Elapsed time spent in this place.
 B = Non-inter-level travel time spent in this place.
 C = Inter-level travel time spent in this place.
 D = Time resting spent in this place.
 E = Time spent auto-exploring this place.
 F = Levels seen in this place.
 G = Mean time per level.
                   A        B        C        D        E       F      G
               +--------+--------+--------+--------+--------+-----+--------+
         Total |   1056 |   1056 |      0 |    377 |      0 |   3 |  352.0 |
       Dungeon |   1056 |   1056 |      0 |    377 |      0 |   3 |  352.0 |
               +--------+--------+--------+--------+--------+-----+--------+

Top non-repeatable levels by time:
     D:1: 623 daAuts
     D:2: 228 daAuts
     D:3: 204 daAuts
